[Event "Gaprindashvili Cup Women I Stage 2020"]
[Site "Online"]
[Date "2020.11.04"]
[Round "8.1"]
[White "Esadze, Tamari"]
[Black "Maghlakelidze, Rusudan"]
[Result "1-0"]
[ECO "C10"]
[WhiteElo "1889"]
[BlackElo "1613"]
[Annotator "NA RC"]
[PlyCount "81"]
[EventDate "2020.11.04"]
[EventType "swiss"]
[SourceTitle "playchess.com"]
[Source "ChessBase"]
[SourceQuality "1"]
[TimeControl "1500+5"]

1. e4 e6 2. d4 d5 3. Nd2 dxe4 4. Nxe4 Nd7 5. Nf3 Ngf6 6. Nxf6+ Nxf6 7. Bd3 {[%emt 0:00:02] 7.Bg5 is the recent fashion.} Bd6 8. O-O {[%emt 0:00:03] C10: French with 3 Nc3: Unusual Black 3rd moves and 3...dxe4.} O-O 9. c3 h6 10. Re1 c5 11. Bc2 Qc7 12. dxc5 Bxc5 13. Ne5 {[%emt 0:00:18] [#]} Rd8 $146 ({Predecessor:} 13... Bd6 14. Bf4 b6 15. Qd3 Rd8 16. Rad1 Bb7 17. Nxf7 Qc6 18. Nxh6+ Kh8 19. Qg6 Bxf4 20. Nf7+ Kg8 21. Nxd8 {1-0 (23) Jovanovic,Z (2383)-Sutkovic,D (2243) Pula 2001}) 14. Qf3 Qe7 15. Qg3 Nh5 16. Qh3 Nf6 17. b4 Bd6 {[%emt 0:01:03] [#]} 18. Bxh6 $1 gxh6 19. Qxh6 Qf8 20. Qxf6 Be7 21. Qf3 Qg7 22. Rad1 Rxd1 23. Qxd1 Bg5 24. Qd3 f5 $11 25. Qd6 (25. Bb3 Qf6) 25... Qe7 26. Qd3 $2 (26. Qd1 $18) 26... b6 $2 27. Bb3 Kg7 28. Nf3 Bf6 29. Nd4 Bxd4 30. Qxd4+ Kf7 31. Qe5 Bd7 32. Qxf5+ Qf6 33. Qh5+ Ke7 34. Qh7+ Qf7 35. Qe4 Rf8 36. f3 Qf6 37. Qd3 Rc8 (37... Qf4 $142 38. Rd1 Bc6) 38. Rd1 Bc6 39. Qd6+ Kf7 $18 40. Re1 Qxc3 41. Qxe6+ 1-0

[Event "Gaprindashvili Cup Women I Stage 2020"]
[Site "Online"]
[Date "2020.11.04"]
[Round "8.2"]
[White "Dolakidze, Mariam"]
[Black "Bedoshvili, Dea"]
[Result "0-1"]
[ECO "D02"]
[WhiteElo "1416"]
[BlackElo "1667"]
[Annotator "NA RC"]
[PlyCount "84"]
[EventDate "2020.11.04"]
[EventType "swiss"]
[SourceTitle "playchess.com"]
[Source "ChessBase"]
[SourceQuality "1"]
[TimeControl "1500+5"]

1. Nf3 d5 2. g3 c6 3. Bg2 Bg4 4. d4 e6 5. b3 Bd6 6. c4 Nd7 7. Nc3 Ne7 8. Bb2 O-O 9. O-O Rc8 10. c5 Bb8 11. b4 f6 12. Qc2 Bf5 13. Qd2 e5 14. e3 e4 15. Ne1 Be6 16. a4 f5 17. b5 Rf6 18. a5 g5 19. b6 a6 20. f4 gxf4 21. gxf4 Rh6 22. Rf2 Nf6 23. Bf1 Ng4 24. Rg2 Kf7 25. Be2 Nf6 26. Nc2 Ng6 27. Kf2 Nh4 28. Rg3 Ng4+ 29. Bxg4 fxg4 30. Ne1 Bf5 31. Ke2 Nf3 32. Nxf3 exf3+ 33. Kf2 Rxh2+ 34. Ke1 Rxd2 35. Kxd2 h5 36. Rgg1 h4 37. Raf1 Qf6 38. Bc1 Bxf4 39. exf4 Qxd4+ 40. Ke1 Qxc3+ 41. Bd2 Re8+ 42. Kd1 Qc2# 0-1

[Event "Gaprindashvili Cup Women I Stage 2020"]
[Site "Online"]
[Date "2020.11.04"]
[Round "8.3"]
[White "Lagazauri, Tamar"]
[Black "Tsotsonava, Elene"]
[Result "1/2-1/2"]
[ECO "A23"]
[WhiteElo "1657"]
[BlackElo "1805"]
[Annotator "NA RC"]
[PlyCount "69"]
[EventDate "2020.11.04"]
[EventType "swiss"]
[SourceTitle "playchess.com"]
[Source "ChessBase"]
[SourceQuality "1"]
[TimeControl "1500+5"]

1. c4 e5 2. Nc3 Nf6 3. g3 c6 4. e4 d5 5. cxd5 cxd5 6. exd5 {[%emt 0:00:05] A23: English Opening: 1...e5 2 Nc3 Nf6 3 g3 c6.} Nxd5 7. Bg2 Nxc3 8. dxc3 Qxd1+ 9. Kxd1 Bc5 10. Ke2 Nc6 11. Be3 Bxe3 12. Kxe3 {[%emt 0:00:08] [#]} Be6 $146 ({Predecessor:} 12... Bd7 13. h4 O-O-O 14. h5 Be6 15. h6 g6 16. Ne2 Rd6 17. Rhd1 Rhd8 18. Rxd6 Rxd6 {½-½ (43) Patola,E (1956)-Christiansen,N (1669) Bornholm 2013}) 13. Bxc6+ bxc6 14. Nf3 O-O 15. Rhd1 Bd5 16. b3 Rae8 17. c4 Be6 18. Rd6 f5 19. Nxe5 Bxc4 20. Kd4 ({Don't play} 20. bxc4 Rxe5+ 21. Kf3 Rc5 $14) 20... Bd5 21. Nxc6 (21. f4 $16) 21... Bxc6 22. Rxc6 Re2 $11 23. Rc7 Ra8 24. h4 Rxf2 25. Ke3 Rg2 26. Kf3 Rd2 27. Re1 Rd3+ 28. Kf4 Rad8 29. Ree7 g6 30. Rg7+ Kf8 31. Rcf7+ Ke8 32. Re7+ Kf8 33. Rgf7+ Kg8 34. Rg7+ Kf8 35. Rgf7+ 1/2-1/2

[Event "Gaprindashvili Cup Women I Stage 2020"]
[Site "Online"]
[Date "2020.11.04"]
[Round "8.4"]
[White "Khazhomia, Anuki"]
[Black "Kirtadze, Anastasia"]
[Result "1/2-1/2"]
[ECO "D38"]
[WhiteElo "1880"]
[BlackElo "1810"]
[Annotator "NA RC"]
[PlyCount "78"]
[EventDate "2020.11.04"]
[EventType "swiss"]
[SourceTitle "playchess.com"]
[Source "ChessBase"]
[SourceQuality "1"]
[TimeControl "1500+5"]

1. d4 Nf6 2. c4 e6 3. Nf3 Bb4+ 4. Nc3 O-O 5. Bg5 d5 6. e3 h6 7. Bh4 {[%emt 0:00:13] D38: Queen's Gambit Declined: Ragozin Defence (4 Nf3 Bb4).} Be7 8. cxd5 exd5 9. Qb3 c6 10. Bd3 Re8 11. O-O Nbd7 12. Rac1 {[%emt 0:00:32] [#]} Bd6 $146 ({Predecessor:} 12... c5 13. Bb1 cxd4 14. exd4 a6 15. Qc2 Nf8 16. Ne5 Ng4 17. Bg3 Nxe5 18. dxe5 Be6 {0-1 (52) Chernykh,A (1828)-Focke,A (1698) Hannover 2016}) 13. Na4 Qc7 14. Nc5 Nxc5 15. dxc5 Be7 16. Qc2 Bg4 17. Bg3 Qc8 18. Nd4 Bf8 19. f3 Bd7 20. Rfe1 Nh5 21. Bf2 Be7 22. g4 Nf6 23. Bg3 Bf8 24. h4 g6 25. g5 (25. Qh2 $16) 25... hxg5 26. hxg5 Nh5 27. Bh2 (27. Bd6 $11) 27... Bg7 28. Bxg6 fxg6 29. Qxg6 Bg4 30. Rc2 Bxf3 31. Nf5 Qd7 32. Rf2 Re6 33. Nh6+ Kh8 34. Nf7+ Kg8 35. Nh6+ Kh8 36. Nf7+ Kg8 $11 37. Nh6+ Kh8 38. Nf7+ Kg8 39. Nh6+ Kh8 1/2-1/2

[Event "Gaprindashvili Cup Women I Stage 2020"]
[Site "Online"]
[Date "2020.11.04"]
[Round "8.5"]
[White "Gvatua, Mariam"]
[Black "Sichinava, Mariam"]
[Result "0-1"]
[ECO "A72"]
[WhiteElo "1343"]
[BlackElo "1516"]
[Annotator "NA RC"]
[PlyCount "68"]
[EventDate "2020.11.04"]
[EventType "swiss"]
[SourceTitle "playchess.com"]
[Source "ChessBase"]
[SourceQuality "1"]
[TimeControl "1500+5"]

1. d4 Nf6 2. c4 c5 3. d5 g6 4. Nc3 Bg7 5. e4 O-O 6. Nf3 e6 7. Be2 exd5 8. cxd5 d6 9. Bf4 Re8 10. Nd2 Na6 11. f3 Nh5 12. Be3 Nc7 13. O-O Rb8 14. a4 b6 15. Nc4 a6 16. Qc1 b5 17. axb5 axb5 18. Na5 Bd7 19. Bg5 Qc8 20. Nc6 Bxc6 21. dxc6 b4 22. Nd1 Ne6 23. Ne3 Nxg5 24. Nd5 Ne6 25. Ra7 Bd4+ 26. Kh1 Qd8 27. g3 Rc8 28. Rd7 Qg5 29. f4 Qh6 30. Ne7+ Rxe7 31. Rxe7 Nxg3+ 32. Kg2 Nxe2 33. Qc4 N2xf4+ 34. Kh1 Qg5 0-1

[Event "Gaprindashvili Cup Women I Stage 2020"]
[Site "Online"]
[Date "2020.11.04"]
[Round "8.6"]
[White "Mgeladze, Kesaria"]
[Black "Asatiani, Tamar"]
[Result "1-0"]
[ECO "C87"]
[WhiteElo "1380"]
[BlackElo "1004"]
[Annotator "NA RC"]
[PlyCount "63"]
[EventDate "2020.11.04"]
[EventType "swiss"]
[SourceTitle "playchess.com"]
[Source "ChessBase"]
[SourceQuality "1"]
[TimeControl "1500+5"]

1. e4 e5 2. Nf3 Nc6 3. Bb5 a6 4. Ba4 Nf6 5. d3 d6 6. c3 Be7 7. O-O Bg4 8. h3 Bh5 9. Nbd2 b5 10. Bc2 O-O 11. Re1 d5 12. exd5 Qxd5 13. Ne4 Rad8 14. Be3 Nxe4 15. dxe4 Qe6 16. Qe2 Qg6 17. Rad1 Rxd1 18. Rxd1 Qe6 19. Bb3 Qf6 20. g4 Qg6 21. Nd2 Bg5 22. gxh5 Qh6 23. Bxg5 Qxg5+ 24. Qg4 Qf6 25. Nf3 b4 26. Qf5 Qe7 27. Rd7 Qe8 28. Rxc7 bxc3 29. bxc3 Na5 30. Ng5 g6 31. Bxf7+ Kh8 32. Qf6# 1-0

[Event "Gaprindashvili Cup Women I Stage 2020"]
[Site "Online"]
[Date "2020.11.04"]
[Round "8.7"]
[White "Didbaridze, Meri"]
[Black "Zarkua, Anastasia"]
[Result "1-0"]
[ECO "A48"]
[WhiteElo "1264"]
[BlackElo "1124"]
[Annotator "NA RC"]
[PlyCount "125"]
[EventDate "2020.11.04"]
[EventType "swiss"]
[SourceTitle "playchess.com"]
[Source "ChessBase"]
[SourceQuality "1"]
[TimeControl "1500+5"]

1. d4 Nf6 2. Bf4 g6 3. e3 Bg7 4. Nf3 O-O 5. Be2 d6 6. O-O Bf5 7. h3 Nc6 8. c3 Nd7 9. Bh2 Nb6 10. Nbd2 d5 11. Nb3 Nc4 12. Qc1 b6 13. Nbd2 N6a5 14. Nh4 Bd7 15. Nxc4 Nxc4 16. Nf3 Rc8 17. Bxc4 dxc4 18. e4 Bc6 19. Qe3 e6 20. Ne5 Bb7 21. Rfe1 b5 22. Bf4 Qe7 23. Bh6 Rfd8 24. Bxg7 Kxg7 25. Rad1 h5 26. Qg3 Kh7 27. f4 Qf6 28. Qg5 Qxg5 29. fxg5 Kg7 30. Rf1 Rf8 31. Rde1 a5 32. Nd7 Rfd8 33. Ne5 Rf8 34. Rf6 c6 35. Nd7 Rfd8 36. Ne5 Rc7 37. Ref1 Rdd7 38. Nxd7 Rxd7 39. Kf2 Rc7 40. Ke3 Ba6 41. a3 Rd7 42. R6f2 Rb7 43. Rf6 Rd7 44. d5 cxd5 45. exd5 Re7 46. dxe6 Rxe6+ 47. Rxe6 fxe6 48. Kd4 Bb7 49. Rf2 Bc6 50. Kc5 Be8 51. Kd6 e5 52. Kxe5 Bc6 53. g3 Be8 54. Rf6 Bd7 55. Ra6 Bxh3 56. Rxa5 Bd7 57. Ra7 Kh8 58. Rxd7 b4 59. axb4 h4 60. gxh4 Kg8 61. b5 Kh8 62. b6 Kg8 63. b7 1-0

[Event "Gaprindashvili Cup Women I Stage 2020"]
[Site "Online"]
[Date "2020.11.04"]
[Round "8.10"]
[White "Antia, Sopia"]
[Black "Tsetskhladze, Mariam"]
[Result "1-0"]
[ECO "C41"]
[WhiteElo "1594"]
[BlackElo "1477"]
[Annotator "NA RC"]
[PlyCount "57"]
[EventDate "2020.11.04"]
[EventType "swiss"]
[SourceTitle "playchess.com"]
[Source "ChessBase"]
[SourceQuality "1"]
[TimeControl "1500+5"]

1. e4 e5 2. Nf3 d6 3. Bc4 Be7 4. Nc3 Nf6 5. d4 exd4 6. Nxd4 O-O 7. O-O Nxe4 8. Nxe4 d5 9. Bd3 dxe4 10. Bxe4 Bf6 11. Be3 c6 12. c3 Nd7 13. Qc2 g6 14. Bh6 Bg7 15. Bxg7 Kxg7 16. Rad1 Qf6 17. f4 Nc5 18. f5 Qe5 19. f6+ Kh8 20. Rde1 Nxe4 21. Rxe4 Qc5 22. Qd2 Rd8 23. Qh6 Qf8 24. Qh4 c5 25. Nf3 Kg8 26. Ng5 h6 27. Nxf7 Qxf7 28. Re7 Qf8 29. Rg7+ 1-0

[Event "Gaprindashvili Cup Women I Stage 2020"]
[Site "Online"]
[Date "2020.11.04"]
[Round "8.12"]
[White "Kalandadze, Mariam"]
[Black "Ashotia, Barbare"]
[Result "0-1"]
[ECO "D13"]
[WhiteElo "1147"]
[BlackElo "1076"]
[Annotator "NA RC"]
[PlyCount "64"]
[EventDate "2020.11.04"]
[EventType "swiss"]
[SourceTitle "playchess.com"]
[Source "ChessBase"]
[SourceQuality "1"]
[TimeControl "1500+5"]

1. d4 d5 2. c4 c6 3. Nf3 Nf6 4. Nc3 Bf5 5. cxd5 cxd5 6. Qb3 Qd7 7. Ne5 Qc7 8. Nxd5 Nxd5 9. Qxd5 e6 10. Qb5+ Nc6 11. Nxc6 bxc6 12. Qc4 Qb6 13. a3 Be7 14. e3 O-O 15. Bd3 Bxd3 16. Qxd3 Rfd8 17. Qc2 Rac8 18. O-O c5 19. dxc5 Rxc5 20. Qe2 Qc6 21. Rd1 Rc8 22. Bd2 Rc2 23. b4 Bf6 24. Rab1 Qa4 25. Qd3 Rd8 26. Qe2 Qxa3 27. Rbc1 Qa2 28. Rxc2 Qxc2 29. Qe1 Bc3 30. Rc1 Qxd2 31. Qxd2 Bxd2 32. Rd1 Rd6 0-1

[Event "Gaprindashvili Cup Women I Stage 2020"]
[Site "Online"]
[Date "2020.11.04"]
[Round "9.1"]
[White "Sichinava, Mariam"]
[Black "Esadze, Tamari"]
[Result "1/2-1/2"]
[ECO "E18"]
[WhiteElo "1516"]
[BlackElo "1889"]
[Annotator "NA"]
[PlyCount "42"]
[EventDate "2020.11.04"]
[EventType "swiss"]
[SourceTitle "playchess.com"]
[Source "ChessBase"]
[SourceQuality "1"]
[TimeControl "1500+5"]

1. Nf3 Nf6 2. g3 e6 3. Bg2 d5 4. c4 Be7 5. d4 O-O 6. O-O b6 7. Nc3 Bb7 8. Ne5 Nbd7 9. Bf4 c5 10. cxd5 Nxd5 11. Nxd5 exd5 12. Rc1 Nxe5 13. Bxe5 Rc8 14. Qd2 c4 15. Qc3 b5 16. a3 Bd6 17. Bxd6 Qxd6 18. Rfe1 Rfe8 19. e3 a6 20. Qc2 a5 21. e4 Qg6 1/2-1/2

[Event "Gaprindashvili Cup Women I Stage 2020"]
[Site "Online"]
[Date "2020.11.04"]
[Round "9.2"]
[White "Bedoshvili, Dea"]
[Black "Kirtadze, Anastasia"]
[Result "1/2-1/2"]
[ECO "A46"]
[WhiteElo "1667"]
[BlackElo "1810"]
[Annotator "NA"]
[PlyCount "34"]
[EventDate "2020.11.04"]
[EventType "swiss"]
[SourceTitle "playchess.com"]
[Source "ChessBase"]
[SourceQuality "1"]
[TimeControl "1500+5"]

1. d4 Nf6 2. Nf3 e6 3. g3 c5 4. c3 Be7 5. Bg2 O-O 6. O-O d5 7. Ne5 Nc6 8. h3 Nxe5 9. dxe5 Nd7 10. f4 f6 11. exf6 Nxf6 12. Nd2 Bd6 13. e4 dxe4 14. Nxe4 Nxe4 15. Bxe4 Rb8 16. Qh5 g6 17. Bxg6 hxg6 1/2-1/2

[Event "Gaprindashvili Cup Women I Stage 2020"]
[Site "Online"]
[Date "2020.11.04"]
[Round "9.3"]
[White "Tsotsonava, Elene"]
[Black "Mgeladze, Kesaria"]
[Result "1-0"]
[ECO "B52"]
[WhiteElo "1805"]
[BlackElo "1380"]
[Annotator "NA"]
[PlyCount "85"]
[EventDate "2020.11.04"]
[EventType "swiss"]
[SourceTitle "playchess.com"]
[Source "ChessBase"]
[SourceQuality "1"]
[TimeControl "1500+5"]

1. e4 c5 2. Nf3 d6 3. Bb5+ Bd7 4. Bxd7+ Qxd7 5. c4 Nc6 6. O-O g6 7. d4 cxd4 8. Nxd4 Bg7 9. Be3 Nf6 10. f3 O-O 11. Nc3 e6 12. Rc1 Rac8 13. Nde2 Rfd8 14. Nf4 Ne7 15. b3 g5 16. Nfe2 h6 17. Bxa7 Qc7 18. Be3 Ng6 19. Qe1 Nh5 20. Qf2 Qd7 21. Bb6 Re8 22. Rfd1 Qe7 23. g3 Kh7 24. Kg2 Rg8 25. Nb5 Rc6 26. Bd4 Bf8 27. b4 f5 28. c5 dxc5 29. Bxc5 Qf7 30. Ned4 Rxc5 31. bxc5 f4 32. g4 Nh4+ 33. Kh1 Nf6 34. c6 bxc6 35. Rxc6 Kh8 36. Rc7 Qg6 37. Nxe6 Nxg4 38. Qd4+ Nf6 39. Nxf8 Rxf8 40. Qc3 Qh5 41. Rd8 Kg8 42. Rxf8+ Kxf8 43. Qxf6+ 1-0

[Event "Gaprindashvili Cup Women I Stage 2020"]
[Site "Online"]
[Date "2020.11.04"]
[Round "9.4"]
[White "Lagazauri, Tamar"]
[Black "Didbaridze, Meri"]
[Result "1-0"]
[ECO "A25"]
[WhiteElo "1657"]
[BlackElo "1264"]
[Annotator "NA"]
[PlyCount "91"]
[EventDate "2020.11.04"]
[EventType "swiss"]
[SourceTitle "playchess.com"]
[Source "ChessBase"]
[SourceQuality "1"]
[TimeControl "1500+5"]

1. c4 e5 2. Nc3 Nc6 3. g3 Nf6 4. Bg2 Bb4 5. Nd5 Nxd5 6. cxd5 Nd4 7. e3 Nf5 8. Qg4 Qf6 9. Qxb4 d6 10. Ne2 O-O 11. O-O b6 12. e4 Ne7 13. Qa3 Ng6 14. f4 exf4 15. Nxf4 Nxf4 16. Rxf4 Qe7 17. b4 Bd7 18. Qc3 Rac8 19. Bb2 f6 20. Rc1 Bb5 21. Bf1 Bxf1 22. Rcxf1 Rce8 23. d3 a6 24. Qd4 Rf7 25. Qf2 Ref8 26. g4 Qe8 27. g5 fxg5 28. Rxf7 Rxf7 29. Qxf7+ Qxf7 30. Rxf7 Kxf7 31. Kf2 g6 32. e5 dxe5 33. Bxe5 c5 34. dxc6 Ke7 35. c7 Kd7 36. a4 g4 37. Kg3 h5 38. h3 gxh3 39. Kxh3 b5 40. a5 Kc8 41. Kh4 Kd7 42. Kg5 Kc8 43. Kxg6 h4 44. Kg5 h3 45. Kg4 h2 46. Bxh2 1-0

[Event "Gaprindashvili Cup Women I Stage 2020"]
[Site "Online"]
[Date "2020.11.04"]
[Round "9.5"]
[White "Dolakidze, Mariam"]
[Black "Khazhomia, Anuki"]
[Result "0-1"]
[ECO "A10"]
[WhiteElo "1416"]
[BlackElo "1880"]
[Annotator "NA"]
[PlyCount "96"]
[EventDate "2020.11.04"]
[EventType "swiss"]
[SourceTitle "playchess.com"]
[Source "ChessBase"]
[SourceQuality "1"]
[TimeControl "1500+5"]

1. Nf3 f5 2. c4 Nf6 3. Nc3 g6 4. b3 Bg7 5. Bb2 d6 6. Nd5 e5 7. Nxf6+ Qxf6 8. g3 b6 9. Bg2 Bb7 10. O-O c5 11. Nxe5 Bxg2 12. Nd3 Qe7 13. Kxg2 Bxb2 14. Nxb2 h5 15. Qc2 h4 16. Qd3 Nc6 17. Qd5 Rc8 $14 18. e3 Nb4 19. Qf3 Rh5 20. a3 Nc6 21. Nd3 Ne5 22. Nxe5 dxe5 23. d3 Kf7 24. Rg1 Rch8 25. Kf1 Rd8 26. Ke2 e4 27. dxe4 Qe5 28. Rgd1 Qb2+ 29. Kf1 Re8 30. Rd7+ Kg8 31. Rad1 Rxe4 32. Rd8+ Kg7 33. R8d7+ Kh6 34. Rxa7 hxg3 35. Qxg3 Qxb3 36. Rdd7 Qxc4+ 37. Kg2 Rg4 38. Rh7+ Kg5 39. f4+ Kf6 40. Rhb7 Rxg3+ 41. Kxg3 Qe6 42. Kg2 Qe4+ 43. Kg3 Qxe3+ 44. Kg2 Qe2+ 45. Kg1 Qxh2+ 46. Kf1 Qxf4+ 47. Ke2 Rh2+ 48. Kd3 Qd4# 0-1

[Event "Gaprindashvili Cup Women I Stage 2020"]
[Site "Online"]
[Date "2020.11.04"]
[Round "9.6"]
[White "Ashotia, Barbare"]
[Black "Maghlakelidze, Rusudan"]
[Result "0-1"]
[ECO "B22"]
[WhiteElo "1076"]
[BlackElo "1613"]
[Annotator "NA"]
[PlyCount "112"]
[EventDate "2020.11.04"]
[EventType "swiss"]
[SourceTitle "playchess.com"]
[Source "ChessBase"]
[SourceQuality "1"]
[TimeControl "1500+5"]

1. e4 c5 2. c3 g6 3. d4 cxd4 4. cxd4 d5 5. e5 Bg7 6. Nc3 Nc6 7. g3 Nh6 8. Bg2 e6 9. Nf3 Nf5 10. O-O Qb6 11. Na4 Qc7 12. b3 O-O 13. Ba3 Re8 14. Nc3 Ncxd4 15. Nxd4 Qxc3 16. Nxf5 gxf5 17. f4 f6 18. exf6 Bxf6 19. Rc1 Qd4+ 20. Qxd4 Bxd4+ 21. Kh1 Bd7 22. Rfe1 Rac8 23. Bf3 Rxc1 24. Rxc1 Rc8 25. Rxc8+ Bxc8 26. Kg2 Bd7 27. Be2 Bc6 28. Bb4 Be3 29. Bf3 Bb5 30. h3 Bd3 31. Bd1 Be4+ 32. Kf1 Bd4 33. Bd2 Kf7 34. g4 Ke7 35. Bb4+ Kd7 36. Bd2 Bg7 37. g5 d4 38. Kf2 Kd6 39. Bb4+ Kd5 40. h4 e5 41. fxe5 Bxe5 42. Bd2 d3 43. h5 f4 44. a3 Bd4+ 45. Kf1 Ke5 46. Bb4 Kf5 47. Be7 d2 48. Ke2 Be3 49. h6 b6 50. b4 Bd5 51. Bc2+ Kg4 52. Bd1 Bf3+ 53. Kd3 Bxd1 54. g6 Bb3 55. gxh7 d1=Q+ 56. Ke4 Qd4# 0-1

[Event "Gaprindashvili Cup Women I Stage 2020"]
[Site "Online"]
[Date "2020.11.04"]
[Round "9.8"]
[White "Limar, Maria"]
[Black "Gvatua, Mariam"]
[Result "0-1"]
[ECO "B70"]
[WhiteElo "1229"]
[BlackElo "1343"]
[Annotator "NA"]
[PlyCount "236"]
[EventDate "2020.11.04"]
[EventType "swiss"]
[SourceTitle "playchess.com"]
[Source "ChessBase"]
[SourceQuality "1"]
[TimeControl "1500+5"]

1. e4 c5 2. Nf3 d6 3. d4 cxd4 4. Nxd4 Nf6 5. Nc3 a6 6. a4 g6 7. Bc4 Bg7 8. O-O O-O 9. h3 Nc6 10. Be3 Bd7 11. Qd2 Nxd4 12. Bxd4 Bc6 13. Bd3 d5 14. exd5 Nxd5 15. Bxg7 Kxg7 16. Nxd5 Qxd5 17. f3 Qd4+ 18. Kh2 Qxb2 19. Rfe1 e6 20. Qg5 Qd4 21. Qe5+ Qxe5+ 22. Rxe5 Rfd8 23. a5 Rd4 24. Rc5 Rad8 25. Rb1 R4d5 26. Rxd5 Rxd5 27. Ra1 Bb5 28. Bxb5 Rxb5 29. Ra2 Rc5 30. Kg3 Kf6 31. Kf2 Ke7 32. Ke3 Kd6 33. Kd4 e5+ 34. Kd3 f5 35. c4 Kc7 36. Kc3 Rc6 37. Kb4 Rd6 38. Re2 Re6 39. Kc5 Kd7 40. Kd5 Rd6+ 41. Kc5 Ke6 42. Kb4 Rc6 43. c5 Rc7 44. Kc4 Rd7 45. Kb4 Rd4+ 46. Kc3 Rd1 47. Rb2 Rd7 48. Kc4 Rd4+ 49. Kc3 Rd7 50. Kc4 Ke7 51. Re2 Kf6 52. Rb2 Ke7 53. Re2 Ke6 54. Rb2 Kf7 55. Re2 Rd4+ 56. Kb3 Kf6 57. Kc3 Ra4 58. Rb2 Rxa5 59. Kc4 Ra4+ 60. Kc3 Ra3+ 61. Kc4 Ra4+ 62. Kc3 Ra5 63. Kc4 Rb5 64. Rd2 Rb1 65. Rd6+ Ke7 66. Rd5 Re1 67. Rd2 e4 68. fxe4 Rxe4+ 69. Kc3 Kf6 70. Rd7 Re7 71. Rd2 h6 72. Rd6+ Kf7 73. Rd2 Rc7 74. Kb4 Ke7 75. Rd6 Rc6 76. Rd2 Re6 77. Kc4 Re4+ 78. Kc3 Re1 79. Kc4 Re6 80. Kb4 Rc6 81. Rd3 Re6 82. Rd2 g5 83. Ka5 Rc6 84. Kb4 f4 85. Rd3 b6 86. cxb6 Rxb6+ 87. Kc3 Re6 88. Rd2 Kf6 89. Kb4 h5 90. Kc3 Re3+ 91. Kb4 Re6 92. Ka5 Kf5 93. Kb4 Re5 94. Kc3 a5 95. Kb3 g4 96. hxg4+ hxg4 97. Ka4 Kg5 98. Rf2 Rf5 99. Kb3 Kh4 100. Ka4 Kg3 101. Ra2 f3 102. gxf3 gxf3 103. Ra1 Kg2 104. Kb3 f2 105. Ra2 Kg1 106. Ra1+ f1=Q 107. Rxf1+ Kxf1 108. Ka4 Rc5 109. Kb3 Ke2 110. Ka4 Kd2 111. Kb3 Rc8 112. Ka4 Kc3 113. Kxa5 Rb8 114. Ka6 Rb1 115. Ka7 Kc4 116. Ka8 Kc5 117. Ka7 Kc6 118. Ka8 Kc7 0-1

[Event "Gaprindashvili Cup Women I Stage 2020"]
[Site "Online"]
[Date "2020.11.04"]
[Round "9.9"]
[White "Limar, Ana"]
[Black "Abuladze, Natali"]
[Result "1-0"]
[ECO "B90"]
[WhiteElo "1312"]
[BlackElo "1049"]
[Annotator "NA"]
[PlyCount "183"]
[EventDate "2020.11.04"]
[EventType "swiss"]
[SourceTitle "playchess.com"]
[Source "ChessBase"]
[SourceQuality "1"]
[TimeControl "1500+5"]

1. e4 c5 2. Nf3 d6 3. d4 cxd4 4. Nxd4 Nf6 5. Nc3 a6 6. a4 e5 7. Nf3 Be7 8. Bg5 h6 9. Bxf6 Bxf6 10. Nd5 Be7 11. Bc4 Be6 12. O-O O-O 13. Qd2 Re8 14. Rad1 Bf8 15. Qe3 Nd7 16. Nd2 Bxd5 17. Bxd5 Qc7 18. Qb3 Nc5 19. Qb4 Rac8 20. Nb3 b6 21. Qc4 Nxb3 22. Qxb3 Rb8 23. f4 Re7 24. Rd3 Rd8 25. Rdf3 Rdd7 26. fxe5 dxe5 27. Rc3 Qa7 28. Rc6 b5+ 29. Kh1 bxa4 30. Qg3 Kh8 31. Rc3 f6 32. Rc8 Rf7 33. Bxf7 Rxf7 34. Qg6 Qb7 35. Rc3 Bb4 36. Rd3 Rf8 37. h3 Bc5 38. Rg3 Rg8 39. Ra1 Qd7 40. Rf1 Be7 41. Kh2 Qb5 42. Rb1 a3 43. b3 a2 44. Ra1 Qa5 45. Rf3 Qa3 46. Rff1 Qb2 47. Qf7 Bd8 48. Qc4 Bb6 49. Qc6 Bd4 50. Qxa6 Qxc2 51. Qxa2 Qxe4 52. Rae1 Qd5 53. Qb1 Bc5 54. b4 Bd4 55. Rf3 Qd6 56. Rb3 e4+ 57. Kh1 f5 58. b5 Bb6 59. Rd1 Qe5 60. Qb2 Qe6 61. Qc3 f4 62. Qb4 Re8 63. Rd6 Qe5 64. Rxb6 e3 65. Rc6 e2 66. Rc1 e1=Q+ 67. Rxe1 Qxe1+ 68. Qxe1 Rxe1+ 69. Kh2 Re8 70. b6 Rb8 71. Kg1 g5 72. Kf2 Kg7 73. Kf3 Kf6 74. Ke4 Ke6 75. b7 h5 76. Rb6+ Kd7 77. Kf5 Kc7 78. Rb1 Rxb7 79. Rxb7+ Kxb7 80. Kxg5 Kc6 81. Kxf4 Kd5 82. Kg5 Ke5 83. Kxh5 Kf6 84. g4 Kg7 85. Kg5 Kg8 86. Kf6 Kf8 87. g5 Kg8 88. Kg6 Kf8 89. Kh7 Kf7 90. g6+ Kf8 91. g7+ Ke7 92. g8=Q 1-0

[Event "Gaprindashvili Cup Women I Stage 2020"]
[Site "Online"]
[Date "2020.11.04"]
[Round "9.13"]
[White "Zarkua, Anastasia"]
[Black "Kalandadze, Mariam"]
[Result "0-1"]
[ECO "E63"]
[WhiteElo "1124"]
[BlackElo "1147"]
[Annotator "NA"]
[PlyCount "104"]
[EventDate "2020.11.04"]
[EventType "swiss"]
[SourceTitle "playchess.com"]
[Source "ChessBase"]
[SourceQuality "1"]
[TimeControl "1500+5"]

1. d4 Nf6 2. Nf3 g6 3. c4 Bg7 4. Nc3 O-O 5. g3 d6 6. Bg2 Nc6 7. O-O a6 8. b3 Bg4 9. Bb2 Bxf3 10. Bxf3 Qd7 11. Rc1 Rab8 12. Qd2 e5 13. e3 Ne8 14. Nd5 f5 15. Bg2 Ne7 16. dxe5 dxe5 17. Rfd1 Qe6 18. Qb4 Nc6 19. Qd2 Kh8 20. Ba3 Rf7 21. Qc2 Rd8 22. Rd2 Rfd7 23. Rcd1 h6 24. h4 Kh7 25. Bh3 e4 26. Bb2 Ne5 27. Bg2 c6 28. Nf4 Qe7 29. Rxd7 Rxd7 30. Rxd7 Qxd7 31. h5 g5 32. Bxe5 Bxe5 33. Ng6 Bg7 34. Kh2 Nf6 35. Qe2 Qf7 36. Kg1 Nxh5 37. Qxh5 Qxg6 38. Qxg6+ Kxg6 39. f3 exf3 40. Bxf3 g4 41. Be2 Be5 42. Kf2 Kg5 43. Bd3 h5 44. e4 f4 45. gxf4+ Kxf4 46. a4 a5 47. Bc2 h4 48. Kg2 h3+ 49. Kh1 g3 50. Kg1 Bd4+ 51. Kh1 g2+ 52. Kh2 g1=Q+ 0-1